Map: Dreamcatcher LE

Players

귀여운매직버블

  • Race: Terran Terran
  • League: Master
  • Spawn Location: 11:00

NORTHAMERICA - Winner!

  • Race: Protoss Protoss
  • League: Grandmaster
  • Spawn Location: 5:00

VOD

Have the link to the VOD?

Description

Time

  • Played on: June 26, 2018, 2:23 a.m.
  • Length: 10:30
Show
View Real Time Build Order
Export as new Build Order

귀여운매직버블 Terran 

Build Orders: Reaper Expand, MMM Bio 

Get SALT Encoding   

  12  0:00  SCV  
  13  0:12  SCV  
  14  0:17  Supply Depot  
  14  0:25  SCV  
  15  0:39  SCV  
  15  0:41  Barracks  
  16  0:44  Refinery  
  16  0:51  SCV  
  17  1:03  SCV  
  18  1:15  SCV  
  19  1:28  Orbital Command, Reaper  
  20  1:42  Command Center  
  20  1:48  Supply Depot  
  20  1:54  SCV  
  20  2:00  Marine  
  22  2:06  SCV  
  23  2:12  Factory  
  23  2:18  SCV  
  23  2:22  Barracks Reactor  
  24  2:27  Barracks  
  24  2:29  Refinery  
  24  2:30  SCV  
  25  2:42  SCV  
  26  2:54  Orbital Command  
  26  2:55  SCV  
  26  2:58  Starport  
  27  2:59  Marine x2  
  29  3:07  SCV  
  29  3:10  Factory Tech Lab  
  30  3:15  Barracks Tech Lab  
  30  3:17  Marine x2  
  30  3:19  SCV  
  33  3:21  SCV  
  34  3:31  SCV  
  34  3:33  SCV  
  36  3:42  Marine x3  
  36  3:43  SCV  
  36  3:44  Stimpack  
  40  3:49  SCV  
  40  3:51  Supply Depot  
  40  3:55  SCV  
  41  4:00  Barracks  
  41  4:01  SCV  
  42  4:03  Siege Tank  
  42  4:05  Starport Reactor  
  42  4:07  SCV  
  42  4:08  Engineering Bay  
  46  4:13  Supply Depot  
  46  4:14  Marauder, Marine  
  46  4:16  SCV  
  50  4:17  Marine  
  50  4:23  SCV  
  52  4:28  SCV  
  53  4:35  SCV  
  53  4:36  Marauder, Marine x2  
  53  4:38  Siege Tank  
  61  4:40  SCV  
  61  4:41  Supply Depot  
  62  4:46  Terran Infantry Weapons Level 1  
  62  4:48  Refinery  
  62  4:50  Missile Turret  
  62  4:52  Barracks Tech Lab  
  62  4:57  Refinery  
  62  5:00  Supply Depot  
  62  5:02  SCV  
  62  5:03  SCV  
  62  5:05  Marauder, Marine x2  
  68  5:14  SCV  
  68  5:15  SCV  
  68  5:19  Combat Shields  
  70  5:22  Marauder  
  70  5:27  SCV  
  73  5:30  Supply Depot  
  73  5:31  Supply Depot, Marauder, Marine x2  
  77  5:41  Medivac x2  
  81  5:50  SCV  
  81  5:54  Supply Depot x2  
  81  5:55  Factory Reactor  
  81  5:56  Marauder  
  81  5:57  Concussive Shells  
  85  6:00  Marauder  
  85  6:01  Marine x2  
  88  6:10  SCV x2  
  90  6:13  Medivac x2  
  94  6:19  Marauder, Marine  
  94  6:20  Marine  
  94  6:21  Marauder  
  100  6:36  Widow Mine  
  100  6:37  Widow Mine  
  104  6:40  Terran Infantry Armor Level 1  
  104  6:44  Marauder x2, Marine x2  
  108  6:58  Widow Mine x2  
  108  6:59  Command Center  
  106  7:09  Marauder, Marine x2  
  106  7:10  Marauder  
  112  7:17  Medivac x2  
  112  7:19  Supply Depot  
  114  7:27  Widow Mine  
  114  7:28  Widow Mine  
  118  7:32  Barracks  
  118  7:34  Barracks  
  118  7:35  Barracks  
  114  7:57  Marauder, Marine x2  
  102  7:58  Medivac x2  
  102  7:59  Widow Mine x2  
  102  8:02  SCV x2  
  112  8:07  Marauder  
  112  8:11  Supply Depot  
  112  8:12  Orbital Command, Supply Depot  
  114  8:13  Supply Depot  
  114  8:14  SCV  
  114  8:17  SCV  
  116  8:25  Barracks Tech Lab x3  
  116  8:26  SCV  
  117  8:31  Missile Turret  
  117  8:35  SCV  
  117  8:37  Missile Turret  
  117  8:38  Marauder x2, Marine, SCV  
  124  8:41  Marine  
  107  8:57  Marauder x2, Marine  
  107  8:58  Marauder  
  112  9:16  Marauder x2  
  88  9:18  Marine  
  88  9:19  Marauder  
  87  9:26  Marauder x2, Marine  
  87  9:29  Medivac x2  
  96  9:32  SCV x3  
  96  9:36  Marine  
  96  9:37  Marauder, Marine  
  103  9:40  Marine  
  103  9:44  Marine, SCV  
  106  9:47  Marauder x2  
  106  9:50  SCV  
  111  9:54  Marine  
  111  9:55  Marauder  
  111  9:58  Marauder  
  111  9:59  Medivac x2, Armory  
  120  10:00  Engineering Bay, Marine  
Show
View Real Time Build Order
Export as new Build Order

NORTHAMERICA Protoss - Winner!

Build Orders: 1 Gate Expand, Blink Stalkers 

Get SALT Encoding   

  12  0:01  Probe  
  13  0:13  Probe  
  14  0:18  Pylon  
  14  0:26  Probe  
  15  0:34  Probe  
  15  0:37  Gateway  
  16  0:43  Probe  
  16  0:48  Assimilator  
  17  0:53  Probe  
  18  1:05  Probe  
  19  1:17  Probe  
  20  1:25  Nexus  
  20  1:34  Cybernetics Core  
  20  1:39  Probe  
  21  1:46  Assimilator  
  21  1:51  Probe  
  22  1:55  Pylon  
  22  2:03  Probe, Stalker  
  23  2:15  Probe  
  26  2:20  Twilight Council  
  26  2:27  Probe  
  27  2:33  Stalker  
  29  2:38  Probe  
  29  2:40  Probe  
  31  2:46  Probe  
  31  2:48  Probe  
  32  2:54  Probe  
  32  2:57  Blink  
  34  3:05  Probe  
  34  3:11  Shield Battery  
  35  3:16  Probe  
  35  3:17  Robotics Facility  
  35  3:19  Probe  
  36  3:20  Warp Gate  
  37  3:28  Gateway  
  37  3:30  Gateway  
  37  3:33  Probe  
  38  3:44  Probe  
  39  3:49  Probe  
  39  3:51  Assimilator  
  39  3:53  Assimilator  
  39  3:54  Pylon  
  40  3:55  Pylon  
  40  3:56  Probe  
  40  4:01  Probe  
  42  4:04  Stalker  
  42  4:05  Observer  
  42  4:08  Probe  
  46  4:18  Probe  
  46  4:20  Probe, Stalker x2  
  52  4:27  Pylon  
  52  4:29  Observer  
  52  4:30  Probe  
  54  4:32  Probe  
  55  4:41  Gateway  
  55  4:42  Probe, Gateway  
  56  4:48  Robotics Bay  
  56  4:58  Probe  
  56  4:59  Probe  
  58  5:10  Probe  
  58  5:12  Pylon  
  59  5:15  Pylon, Probe  
  59  5:18  Pylon  
  60  5:26  Probe  
  61  5:28  Disruptor, Pylon  
  61  5:42  Nexus  
  64  5:46  Sentry  
  64  5:47  Stalker x2  
  64  5:48  Forge  
  70  5:50  Gateway  
  70  5:54  Disruptor  
  70  6:04  Stalker x2  
  70  6:09  Protoss Ground Weapons Level 1, Observer  
  70  6:10  Probe  
  78  6:12  Probe  
  78  6:16  Resonating Glaives  
  78  6:18  Pylon  
  79  6:22  Probe  
  79  6:25  Disruptor  
  80  6:26  Shield Battery  
  83  6:42  Stalker x5  
  93  6:55  Disruptor, Probe  
  94  7:06  Adept x2  
  94  7:07  Adept x4  
  107  7:29  Stalker  
  109  7:33  Pylon  
  109  7:34  Pylon  
  109  7:36  Dark Shrine  
  109  7:37  Nexus  
  107  7:49  Protoss Ground Armor Level 1  
  104  7:55  Disruptor  
  101  7:59  Stalker x2  
  101  8:00  Stalker x2  
  109  8:19  Forge  
  109  8:20  Stalker x2  
  109  8:21  Nexus  
  109  8:22  Disruptor  
  113  8:30  Pylon  
  116  8:36  Adept  
  116  8:56  Disruptor  
  116  8:59  Stalker x2  
  116  9:00  Stalker x2  
  108  9:20  Probe  
  108  9:21  Disruptor  
  108  9:23  Stalker x5  
  113  9:27  Probe  
  117  9:40  Nexus, Probe  
  118  9:49  Dark Templar  
  120  9:53  Assimilator  
  120  9:57  Photon Cannon  
  120  9:58  Assimilator  
  120  9:59  Pylon  
  108  10:26  Stalker x6  
Tags
 
Add a new tag
Caveats
  • Supply blocks, unpowered buildings, or Contaminate may cause inaccurate times.
  • Supply counts are checked every 10 seconds.